 Dungeon Crawl Stone Soup version 0.31-a0-1499-ge0622b2318 (webtiles) character file.

Game seed: 2679088319196749309

6051 Ofeo the Fighter (level 10, -1/111 HPs)
             Began as an Oni Shapeshifter on Dec 30, 2023.
             Was an Elder of Nemelex Xobeh.
             Slain by a kobold brigand
             ... wielding a +0 dagger
              (8 damage)
             ... on level 9 of the Dungeon.
             The game lasted 00:10:08 (8899 turns).

Ofeo the Fighter (Oni Shapeshifter)                 Turns: 8899, Time: 00:10:08

Health: -1/111     AC:  4    Str: 28    XL:     10   Next: 87%
Magic:  17/17      EV: 17    Int: 11    God:    Nemelex Xobeh [****..]
Gold:   381        SH:  0    Dex: 12    Spells: 9/9 levels left

rFire   . . .        o - +6 sling "Killer Bee's Bane" {drain, rN+ Dex+2 SInv Stlth+}
rCold   . . .        (no shield)
rNeg    + . .        n - +0 troll leather armour {Pargi}
rPois   .            (helmet currently unavailable)
rElec   .            (cloak currently unavailable)
rCorr   .            (gloves unavailable)
SInv    +            (boots unavailable)
Will    +++..        (no amulet)
Stlth   ++           e - +5 ring of evasion
HPRegen 1.18/turn    s - ring "Ducw" {Will++ Str+6}
MPRegen 0.15/turn

%: no passive effects
@: lethally poisoned (-1 -> -1), about to teleport, beast-form, slowed, very
slow
A: beast (slay +4), large, unfitting armour, horns 1, tough skin 1, double
potion healing, drunken brawling
a: Begin Untransformation, Renounce Religion, Draw Escape, Draw Destruction,
Draw Summoning, Triple Draw, Deal Four


You were on level 9 of the Dungeon.
You worshipped Nemelex Xobeh.
Nemelex Xobeh was greatly pleased with you.
You were a hulking beast.
You visited 1 branch of the dungeon, and saw 9 of its levels.

You collected 442 gold pieces.
You spent 61 gold pieces at shops.

Inventory:

Hand Weapons
 o - the +6 sling "Killer Bee's Bane" (weapon) {drain, rN+ Dex+2 SInv Stlth+}
   (You found it on level 3 of the Dungeon)

   Dex+2:     It affects your dexterity (+2).
   rN+:       It protects you from negative energy.
   SInv:      It lets you see invisible.
   Stlth+:    It makes you more stealthy.
Armour
 n - a +0 troll leather armour (worn) {Pargi}
 t - an orb of energy
Jewellery
 e - a +5 ring of evasion (left hand)
 s - the ring "Ducw" (right hand) {Will++ Str+6}
   (You found it on level 7 of the Dungeon)

   [ring of strength]

   Str+6:     It affects your strength (+6).
   Will++:    It greatly increases your willpower.
 u - a ring of see invisible
 y - a +6 ring of dexterity
Talismans
 c - a serpent talisman
 d - a flux talisman
Wands
 k - a wand of flame (55)
 p - a wand of roots (6)
 D - a wand of digging (7) {@v1}
 E - a wand of mindburst (5)
Scrolls
 b - 6 scrolls of teleportation {@r3}
 h - 3 scrolls of vulnerability
 r - 3 scrolls of revelation
 w - 2 scrolls of silence
 x - a scroll of acquirement
Potions
 a - 2 potions of ambrosia
 f - a potion of mutation
 g - 2 potions of attraction
 i - 2 potions of haste {unknown}
 j - 2 potions of degeneration
 l - 2 potions of lignification
 m - a potion of might {@q4}
 q - a potion of curing {@q1}
 v - 3 potions of resistance {unknown}
 z - a potion of cancellation {unknown}
 A - a potion of magic {unknown}
 B - a potion of enlightenment {unknown}
 C - a potion of berserk rage {unknown}


   Skills:
 + Level 10.4 Fighting
 + Level 7.5 Dodging
 - Level 3.5 Unarmed Combat
 * Level 10.3 Invocations
 - Level 7.1 Shapeshifting


You had 9 spell levels left.
You didn't know any spells.
Your spell library contained the following spells:

 Spells                   Type           Power      Damage    Failure   Level
 Gell's Gravitas          Tloc           0%         N/A       75%         3
 Inner Flame              Hex/Fire       0%         N/A       75%         3
 Teleport Other           Tloc           0%         N/A       75%         3
 Flame Wave               Conj/Fire      0%         2d4       98%         4
 Sticky Flame             Fire/Alch      0%         2d4       98%         4
 Dispersal                Tloc           0%         N/A       100%        6


Dungeon Overview and Level Annotations

Branches:
Dungeon (9/15)             Temple (0/1) D:7             Orc (0/2) D:9
   Lair: D:8-11

Altars:
Elyvilon
Gozag
Hepliaklqana
Nemelex Xobeh
Okawaru
Uskayaw
Zin
The Shining One

Shops:
D:2 !   D:3 *   D:5 (   D:7 *   D:9 *

Annotations:
D:9 Amaemon


Innate Abilities, Weirdness & Mutations

You are a hulking beast.
Your limbs bulge with bestial killing power. (Slay +4)
You are too large for most types of armour.
You have a pair of small horns on your head.
You have tough skin. (AC +1)
You gain doubled healing and magic from potions.
Whenever you drink a healing potion, you attack all around you.


Message History

You regained 2 hp, and now have 37/111 hp.
You regained 2 hp, and now have 43/111 hp.
You open the door.
There is an open door here.
You regained 2 hp, and now have 50/111 hp.
Amaemon, a kobold brigand and 3 kobolds come into view.
Amaemon is wielding a +0 demon whip of venom and carrying a wand of roots.
The kobold brigand is wielding a +0 dagger and quivering curare-tipped darts.
A kobold is wielding a +0 whip and quivering poisoned darts.
The kobold brigand shouts!
You hear a screech!
Amaemon shouts!
An orange demon comes into view.
The kobold moves out of view.
You hear a shout! x2; You hear a howl!
As you read the scroll of teleportation {@r3}, it crumbles to dust.
You feel strangely unstable.
The kobold shouts!
The kobold brigand throws a curare-tipped dart.
The curare-tipped dart barely misses you.
You hear a shout!
You shoot a sling bullet. The sling bullet hits the troll!
The troll is lightly wounded.
The kobold brigand throws a curare-tipped dart.
The curare-tipped dart hits you.
You are poisoned.
You have difficulty breathing.
You feel yourself slow down.
Amaemon casts a spell.
The troll misses you. x2; The troll claws you!
A kobold comes into view. It is wielding a +0 short sword.
The gnoll sergeant hits you from afar with a +0 trident!
* * * LOW HITPOINT WARNING * * *
You take 25 damage, and have 27/111 hp.
MASSIVE DAMAGE!!
You shoot a sling bullet. The sling bullet hits the troll.
You drain the troll.
The troll is moderately wounded.
You feel very sick.
You hear a howl!
You hear a shout!
The troll closely misses you. The troll claws you!
* * * LOW HITPOINT WARNING * * *
The troll claws you!
* * * LOW HITPOINT WARNING * * *
The kobold brigand hits you with a +0 dagger!
You die...
Your body glows with a rainbow of weird colours and disappears. 8...8# .gT.g# ggg.o#

o.Oog######### 8)o.
#...O...#####
##'###....g..'..g#
...))........###g#
######.......# #T# ...#
#......)# #h#
(..###....#### #.K46K...
##..##..###########Ks...
##..#####......## #s.#
##..###.......... $#
#...##....####...
##..##...### .
#...##..## #.......#


You could see Amaemon, an orange demon, a troll (drained), a kobold brigand, a
gnoll sergeant, 2 scorpions, a gnoll and 2 kobolds.

Vanquished Creatures
  Joseph (D:8)
  A gargoyle (D:9)
  Jeremiah (D:6)
  Sigmund (D:4)
  A human (D:8)
  4 hogs (D:8)
  2 steam dragons
  2 water moccasins
  3 orc warriors
  2 black bears
  An ice beast (D:7)
  5 centaurs
  4 ogres
  2 phantoms
  3 kobold brigands
  2 gnoll sergeants
  6 bullfrogs
  2 scorpions
  2 wights (D:7)
  6 killer bees (D:9)
  3 howler monkeys
  A bombardier beetle (D:6)
  2 orc priests
  3 gnoll boudas
  3 jellies
  3 hounds (D:5)
  A sleepcap (D:7)
  5 iguanas
  6 orc wizards
  11 gnolls
  7 adders
  2 ribbon worms
  4 shadow imps
  2 white imps
  2 ufetubi (D:3)
  23 orcs
  10 endoplasms
  A giant cockroach (D:4)
  7 goblins
  8 hobgoblins
  2 jackals (D:1)
  15 kobolds
  2 quokkas
  3 ball pythons
  7 bats
  2 frilled lizards (D:1)
  2 rats
188 creatures vanquished.

Vanquished Creatures (collateral kills)
  Pargi (D:3)
1 creature vanquished.

Grand Total: 189 creatures vanquished

Notes
Turn   | Place    | Note
-------+----------+-------------------------------------------
     0 | D:1      | Ofeo the Oni Shapeshifter began the quest for the Orb.
     0 | D:1      | Reached XP level 1. HP: 19/19 MP: 1/1
   166 | D:1      | Reached XP level 2. HP: 25/28 MP: 2/2
   406 | D:1      | Reached XP level 3. HP: 35/35 MP: 3/3
   902 | D:1      | Found a faded altar of an unknown god.
  1041 | D:1      | Prayed at the altar of an unknown god.
  1041 | D:1      | Became a worshipper of Nemelex Xobeh the Trickster
  1041 | D:1      | Reached * piety under Nemelex Xobeh
  1243 | D:2      | Received a gift from Nemelex Xobeh
  1470 | D:2      | Found Caosook's Distillery.
  1495 | D:2      | Bought a potion of curing for 39 gold pieces
  1857 | D:3      | Reached ** piety under Nemelex Xobeh
  2211 | D:3      | Found a sparkling altar of Nemelex Xobeh.
  2256 | D:3      | Reached XP level 4. HP: 41/44 MP: 4/4
  2298 | D:3      | Noticed Pargi
  2358 | D:3      | Noticed a rust devil
  2371 | D:3      | Killed Pargi
  2372 | D:3      | Reached XP level 5. HP: 9/53 MP: 5/5
  2658 | D:3      | Found an iron altar of Okawaru.
  2658 | D:3      | Found a hazy altar of Hepliaklqana.
  2662 | D:3      | Identified the +6 sling "Killer Bee's Bane" {drain, rN+
                  | Dex+2 SInv Stlth+}
  2888 | D:3      | Found Itsoschoed's General Store.
  2896 | D:3      | Bought a scroll of identify for 22 gold pieces
  2960 | D:3      | Received a gift from Nemelex Xobeh
  3456 | D:4      | Noticed Sigmund
  3466 | D:4      | Killed Sigmund
  3467 | D:4      | Reached XP level 6. HP: 62/62 MP: 6/6
  3525 | D:4      | Received a gift from Nemelex Xobeh
  3562 | D:4      | Reached skill level 5 in Shapeshifting
  3562 | D:4      | Reached XP level 7. HP: 67/71 MP: 7/7
  3890 | D:4      | Reached skill level 5 in Fighting
  4124 | D:5      | Entered Level 5 of the Dungeon
  4280 | D:5      | Reached XP level 8. HP: 81/81 MP: 8/8
  4281 | D:5      | Reached *** piety under Nemelex Xobeh
  4334 | D:5      | Received a gift from Nemelex Xobeh
  4524 | D:5      | Found Macuh's Weapon Emporium.
  4971 | D:5      | Received a gift from Nemelex Xobeh
  5191 | D:6      | Reached **** piety under Nemelex Xobeh
  5329 | D:6      | Noticed Jeremiah
  5385 | D:6      | Killed Jeremiah
  5386 | D:6      | Reached skill level 5 in Dodging
  5386 | D:6      | Reached XP level 9. HP: 57/93 MP: 8/11
  5858 | D:6      | Received a gift from Nemelex Xobeh
  6315 | D:7      | Reached skill level 5 in Invocations
  6316 | D:7      | Identified the +1 chain mail of Wedef {Regen+ Int-2 Slay+2}
  6334 | D:7      | Received a gift from Nemelex Xobeh
  6443 | D:7      | Identified the ring "Ducw" {Will++ Str+6}
  6463 | D:7      | Found an opulent altar of Gozag.
  6475 | D:7      | Found Gozag's Platinum Reserve.
  6936 | D:7      | Found a staircase to the Ecumenical Temple.
  7542 | D:7      | Reached XP level 10. HP: 89/106 MP: 15/15
  7655 | D:7      | Identified a scroll of acquirement
  7682 | D:8      | Found a hide-covered altar of Uskayaw.
  7684 | D:8      | Noticed Joseph
  7702 | D:8      | Killed Joseph
  8050 | D:8      | Received a gift from Nemelex Xobeh
  8092 | D:8      | Found a glowing silver altar of Zin.
  8092 | D:8      | Found a white marble altar of Elyvilon.
  8095 | D:8      | Found a glowing golden altar of the Shining One.
  8592 | D:9      | Noticed a gargoyle
  8603 | D:9      | Killed a gargoyle
  8604 | D:9      | Reached skill level 10 in Fighting
  8693 | D:9      | Reached skill level 10 in Invocations
  8730 | D:9      | Found Madoluatov's Lightly-Used Armoury.
  8856 | D:9      | Found a staircase to the Orcish Mines.
  8896 | D:9      | Noticed Amaemon
  8896 | D:9      | Noticed an orange demon
  8899 | D:9      | Slain by a kobold brigand

Illustrated notes

Levels and vault maps discovered:
D:1:      orjb1_clovarrival, layout_basic, dilly_ecumenical_altar_fadedgnrine
D:2:      layout_loops_ring, serial_shops, nicolae_shop_hallway_stairs
D:3:      layout_basic, nemelex_dance_club_becter,
          gammafunk_temple_overflow_pools, serial_shops,
          nicolae_shop_statue_plus, st_stairs_10, uniq_pargi
D:4:      cheibrodos_barr_body, layout_cave_pools, minmay_statues_item,
          uniq_sigmund
D:5:      layout_gridville, serial_shops, nicolae_shop_tiny_statue_garden
D:6:      layout_loops_corners, uniq_jeremiah
D:7:      minmay_thinvault, layout_basic, nicolae_gozag_zags_fifth_avenue,
          minmay_temple_entry_glassed_door
D:8:      layout_basic, dreamdust_divine_triumvirate,
          mainiacjoe_overflow_surrounded_room, grunt_livestock, dk_vineyard_2,
          bh_walls_and_bars, uniq_joseph
D:9:      layout_roguey, kennysheep_orc_monster_closet_entryway,
          minmay_shop_damaged, nicolae_neqoxec_dot_bat, uniq_amaemon,
          uniq_psyche

Skill      XL: |  1  2  3  4  5  6  7  8  9 10 |
---------------+-------------------------------+-----
Dodging        | 2 3 4 5 6 7 |  7.5
Fighting       | 2 3 4 5 7 8 10 | 10.4
Unarmed Combat | 3 |  3.5
Shapeshifting  | 4 5 6 7 |  7.1
Invocations    | 3 7 10 | 10.3

Action                     |  1- 3 |  4- 6 |  7- 9 | 10-12 || total
---------------------------+-------+-------+-------+-------++-------
  Melee: Unarmed           |    82 |     8 |       |       ||    90
         Headbutt          |    11 |       |       |       ||    11
         Punch             |     3 |       |       |       ||     3
   Fire: Sling             |       |    36 |   297 |   160 ||   493
 Invoke: Draw Destruction  |       |     3 |       |       ||     3
         Draw Summoning    |       |     2 |       |       ||     2
  Evoke: Wand              |       |       |     1 |       ||     1
    Use: Scroll            |     4 |     2 |     5 |     4 ||    15
   Stab: Sleeping          |     1 |       |       |       ||     1
 Armour: Animal skin       |    43 |     5 |       |       ||    48
         Troll leather arm |       |     6 |   107 |    75 ||   188
  Dodge: Dodged            |    37 |    10 |   137 |   131 ||   315

Table legend: (Time is in decaauts)
 A = Elapsed time spent in this place.
 B = Non-inter-level travel time spent in this place.
 C = Inter-level travel time spent in this place.
 D = Time resting spent in this place.
 E = Time spent auto-exploring this place.
 F = Levels seen in this place.
 G = Mean time per level.
                   A        B        C        D        E       F      G
               +--------+--------+--------+--------+--------+-----+--------+
         Total |   9099 |   8720 |    379 |    262 |   7152 |   9 | 1011.0 |
       Dungeon |   9099 |   8720 |    379 |    262 |   7152 |   9 | 1011.0 |
               +--------+--------+--------+--------+--------+-----+--------+

Top non-repeatable levels by time:
     D:7: 1611 daAuts
     D:3: 1590 daAuts
     D:6: 1086 daAuts
     D:1: 1059 daAuts
     D:5: 953 daAuts
     D:8: 878 daAuts
     D:2: 794 daAuts
     D:4: 711 daAuts
     D:9: 415 daAuts
